 Dungeon Crawl Stone Soup version 0.25-a0-458-g6fc7858b95 (webtiles) character file.

Game seed: 10391531521560876848, levelgen mode: deterministic

292 Error4North the Chopper (level 6, -3/53 HPs)
             Began as a Hill Orc Fighter on Feb 2, 2020.
             Slain by an ogre
             ... wielding a +0 giant spiked club
              (11 damage)
             ... on level 4 of the Dungeon.
             The game lasted 00:08:53 (2657 turns).

Error4North the Chopper (Hill Orc Fighter)          Turns: 2657, Time: 00:08:54

Health: -3/53      AC: 11    Str: 21    XL:     6   Next: 33%
Magic:  6/6        EV:  6    Int:  8    God:
Gold:   323        SH:  9    Dex: 10    Spells: 5/5 levels left

rFire    . . .     SeeInvis .   a - +0 war axe
rCold    . . .     Gourm    .   c - +0 shield
rNeg     . . .     Faith    .   s - +0 chain mail
rPois    .         Spirit   .   (no helmet)
rElec    .         Reflect  .   (no cloak)
rCorr    .         Harm     .   l - +1 pair of gloves
MR       .....                  (no boots)
Stlth    ..........             (no amulet)
HPRegen  0.17/turn              (no ring)
MPRegen  0.10/turn              (no ring)

@: no status effects
A: no striking features
a: no special abilities


You were on level 4 of the Dungeon.
You were not hungry.

You visited 1 branch of the dungeon, and saw 4 of its levels.

You collected 323 gold pieces.

Inventory:

Hand Weapons
 a - a +0 war axe (weapon)
Missiles
 b - 5 boomerangs (quivered)
Armour
 c - a +0 shield (worn)
 l - a +1 pair of gloves (worn)
 s - a +0 chain mail (worn)
Scrolls
 d - a scroll of fog {unknown}
 e - 2 scrolls of enchant armour {unknown}
 g - 3 scrolls of blinking {unknown}
 i - a scroll of amnesia {unknown}
 k - 3 scrolls of remove curse {unknown}
 q - a scroll of random uselessness {unknown}
 r - a scroll of immolation {unknown}
 t - a scroll of identify {unknown}
Potions
 h - a potion of haste {unknown}
 j - 2 potions of agility {unknown}
 m - 2 potions of lignification {unknown}
 n - 2 potions of brilliance {unknown}
 o - 3 potions of heal wounds {unknown}
 p - 2 potions of curing {unknown}
 u - a potion of mutation {unknown}
Comestibles
 f - 8 rations


   Skills:
 * Level 4.6 Fighting
 + Level 4.9 Axes
 + Level 0.1 Throwing
 * Level 4.6 Armour
 + Level 1.3 Dodging
 + Level 0.4 Stealth
 * Level 4.4 Shields


You had 5 spell levels left.
You didn't know any spells.
Your spell library was empty.

Dungeon Overview and Level Annotations

Branches:
Dungeon (4/15)
 Temple: D:4-7

Altars:
Gozag
Vehumet
Yredelemnul


Message History

You hit the ogre.
The ogre is lightly wounded.
The ogre hits you with a +0 giant spiked club!
You hit the ogre.
The ogre is lightly wounded.
The ogre hits you with a +0 giant spiked club!
You completely miss the ogre.
The ogre is lightly wounded.
The ogre hits you with a +0 giant spiked club.
You hit the ogre.
The ogre is moderately wounded.
The ogre hits you with a +0 giant spiked club!
* * * LOW HITPOINT WARNING * * *
You barely miss the ogre.
The ogre is moderately wounded.
You block the ogre's attack.
Your shield prevents you from hitting the ogre.
The ogre is moderately wounded.
The ogre hits you with a +0 giant spiked club!
You die...

.#.............# ..##
....≈.≈.....#...#
..#.##............(...
....#.....≈..........
....................
#...###..........$.
##...#......<...$...
..##.....O.........#...
........@..........#
........†..........#
#.?#.............### #
##.............#
##.............#
###...........#
##.....###### #....##


You could see an ogre.

Vanquished Creatures
  An ice beast (D:4)
  An orc wizard (D:3)
  A worker ant (D:4)
  4 adders
  An ooze (D:3)
  3 worms
  A dart slug (D:3)
  3 leopard geckos
  16 orcs
  10 bats
  2 giant cockroaches
  14 goblins
  8 hobgoblins
  4 jackals
  3 kobolds
  3 frilled lizards
  6 rats
81 creatures vanquished.

Notes
Turn   | Place    | Note
-------+----------+-------------------------------------------
     0 | D:1      | Error4North the Hill Orc Fighter began the quest for the
                  | Orb.
     0 | D:1      | Reached XP level 1. HP: 19/19 MP: 1/1
   105 | D:1      | Reached XP level 2. HP: 26/27 MP: 2/2
   837 | D:2      | Found a basalt altar of Yredelemnul.
   864 | D:2      | Found a radiant altar of Vehumet.
   914 | D:2      | Reached XP level 3. HP: 33/33 MP: 3/3
  1302 | D:2      | Reached XP level 4. HP: 34/40 MP: 4/4
  1517 | D:3      | Reached XP level 5. HP: 35/47 MP: 5/5
  1902 | D:3      | Reached skill level 1 in Dodging
  2118 | D:3      | Found an opulent altar of Gozag.
  2199 | D:4      | Noticed a phantom
  2199 | D:4      | Noticed an ice beast
  2271 | D:4      | Killed an ice beast
  2271 | D:4      | Reached XP level 6. HP: 10/53 MP: 6/6
  2657 | D:4      | Slain by an ogre

Levels and vault maps discovered:
D:1:      scummos_arrival_forest, layout_rooms
D:2:      cheibrodos_greedy_goblins, layout_loops_corners,
          yredelemnul_altar_generic, overflow_temple_1_default,
          kennysheep_decorative_pillar
D:3:      layout_rooms, first_ration, st_stairs_13, nicolae_gozag_seed_capital
D:4:      layout_cave_pools, minmay_temple_entry_poolview, serial_rivers,
          chequers_serial_rivers_micro_c, chequers_serial_rivers_small_b,
          chequers_serial_rivers_micro_c, chequers_serial_rivers_small_3,
          chequers_serial_rivers_room_a, chequers_serial_rivers_large_a,
          led_sif_pool, uniq_blork_the_orc, uniq_grinder

Skill      XL: |  1  2  3  4  5 |
---------------+----------------+-----
Fighting       | 4 |  4.6
Axes           | 3 4 |  4.9
Armour         | 4 |  4.6
Shields        | 4 |  4.4
Dodging        | 1 |  1.3
Throwing       | |  0.1
Stealth        | |  0.4

Action                   |  1- 3 |  4- 6 || total
-------------------------+-------+-------++-------
Melee: War axe           |   107 |   135 ||   242
Throw: Boomerang         |       |    12 ||    12
  Use: Potion            |       |     1 ||     1
  Eat: Chunk             |     1 |     3 ||     4
       Ration            |       |     1 ||     1
Armor: Scale mail        |    75 |    56 ||   131
       Chain mail        |       |    45 ||    45
Dodge: Dodged            |    46 |    41 ||    87
Block: Shield            |    65 |    91 ||   156

Table legend:
 A = Non-vault XP
 B = Vault XP
 C = Vault XP percentage of total XP
 D = Non-vault monster count
 E = Vault monster count
 F = Vault count percentage of total count
                 A         B        C        D         E       F
            +---------+---------+-------+---------+---------+-------
      Total |     387 |      31 |   7.4 |      68 |      13 |  16.0
            +---------+---------+-------+---------+---------+-------
        D:1 |      22 |       0 |   0.0 |      14 |       0 |   0.0
        D:2 |      47 |      21 |  30.9 |      16 |      11 |  40.7
        D:3 |     153 |      10 |   6.1 |      34 |       2 |   5.6
        D:4 |     165 |       0 |   0.0 |       4 |       0 |   0.0
            +---------+---------+-------+---------+---------+-------
